 Dungeon Crawl Stone Soup version 0.32-a0-913-g739538afd8 (webtiles) character file.

Game seed: 8946984286529714987

34 ezpacito the Trooper (level 3, 0/43 HPs)
             Began as a Coglin Chaos Knight on Apr 10, 2024.
             Was a Plaything of Xom.
             Succumbed to Sigmund's poison
             ... on level 2 of the Dungeon.
             The game lasted 00:01:51 (1039 turns).

ezpacito the Trooper (Coglin Chaos Knight)          Turns: 1039, Time: 00:01:52

Health: 0/43       AC: 21    Str: 17      XL:     3   Next: 31%
Magic:  3/3        EV:  2    Int:  8 (9)  God:    Xom [...*..]
Gold:   287        SH:  0    Dex: 16      Spells: 2/2 levels left

rFire   . . .        a - +0 hand axe (chaos) {Ealamassi}
rCold   . . .        d - +0 dagger {Fikile}
rNeg    . . .        b - melded +2 leather armour
rPois   +            (helmet currently unavailable)
rElec   .            (cloak currently unavailable)
rCorr   .            (gloves currently unavailable)
SInv    +            (boots currently unavailable)
Will    .....        (amulet unavailable)
Stlth   ++           (ring unavailable)
HPRegen 0.27/turn    (ring unavailable)
MPRegen 0.08/turn    (no gizmo)

%: no passive effects
@: lethally poisoned (0 -> -10), tree-form, unable to drink
A: stationary, stasis, torment immunity, boosted hp, off-hand wielding, slow
wielding, warmup strikes, no jewellery, see invisible, agile 1, strong 1,
inability to drink after injury 1, (sturdy frame 1)
a: Invent Gizmo, Renounce Religion


You were on level 2 of the Dungeon.
You worshipped Xom.
You were a favourite toy of Xom.
You were a tree.
You visited 1 branch of the dungeon, and saw 2 of its levels.

You collected 793 gold pieces.
You spent 506 gold pieces at shops.

Inventory:

Hand Weapons
 a - a +0 hand axe of chaos (weapon) {Ealamassi}
 d - a +0 dagger (offhand) {Fikile}
Missiles
 k - 2 javelins (quivered)
Armour
 b - a +2 leather armour (melded)
 l - a +0 pair of gloves
Talismans
 o - a beast talisman
Scrolls
 n - a scroll of enchant armour
 q - 2 scrolls of vulnerability
 r - a scroll of immolation
 s - a scroll of amnesia
 B - 2 scrolls of blinking
Potions
 e - a potion of mutation
 f - 2 potions of attraction


   Skills:
 * Level 3.1 Fighting
 * Level 3.1(3.3) Axes
 * Level 1.1(2.1) Polearms
 * Level 2.0 Armour
 * Level 1.3 Dodging
 + Level 0.7 Stealth
 + Level 0.3 Spellcasting


You had 2 spell levels left.
You didn't know any spells.
Your spell library was empty.

Dungeon Overview and Level Annotations

Branches:
Dungeon (2/15)

Altars:

Annotations:
D:2 Sigmund


Innate Abilities, Weirdness & Mutations

You are a tree.
Your roots penetrate the ground, keeping you stationary.
You cannot be teleported.
You are immune to unholy pain and torment.
Your maximum health is greatly increased.
Your equipment is partially melded.
You can wield a second weapon in your off-hand.
It takes a long time for you to wield or remove held weapons.
Your first few attacks do less damage.
You cannot equip rings or amulets.
You have supernaturally acute eyesight. (SInv)
You are agile. (Dex +4, Str/Int -1)
Your muscles are strong. (Str +4, Int/Dex -1)
You occasionally lose the ability to drink potions when taking damage.
((Your movements are slightly less encumbered by armour. (ER -2)))


Message History

You resist with significant effort.
Your butterfly disappears in a burst of colours!
Sigmund casts a spell at you.
Your butterfly appears confused.
Your butterfly disappears in a burst of colours! x2
Sigmund misses your butterfly.
Your butterfly disappears in a burst of colours! x2
Your butterfly disappears in a burst of colours! x3
Your butterfly disappears in a burst of colours!
Sigmund hits you but does no damage.
You are poisoned.
You feel sick.
Your butterfly disappears in a burst of colours!
Sigmund hits you from afar with a +1 scythe of venom.
* * * LOW HITPOINT WARNING * * *
You emit a cloud of colourful smoke!
You feel threatened and lose the ability to drink potions!
You are lethally poisoned!
You take 6 damage, and have 9/43 hp.
You cannot drink potions in your current state!
As you read the scroll of fog, it dissolves into smoke.
* * * LOW HITPOINT WARNING * * *
You feel very sick.
Your butterfly disappears in a burst of colours!
You take 3 damage, and have 6/43 hp.
As you read the scroll of fog, it dissolves into smoke.
* * * LOW HITPOINT WARNING * * *
You feel sick.
Your butterfly disappears in a burst of colours! x4
Sigmund barely misses you.
You take 1 damage, and have 5/43 hp.
* * * LOW HITPOINT WARNING * * *
You feel sick.
Your butterfly disappears in a burst of colours! x2
Sigmund hits you but does no damage.
You are more poisoned.
Your kobold closely misses Sigmund.
You take 2 damage, and have 3/43 hp.
You die...
Xom bursts into laughter!

.#.....###.#........#
.#.....#...#........#
.#.....#.###.#'######
.#.....#.....#'######
.#.....# ###.....!..#
.####### #..b.b...#
.####### #.....§§.#
........ #...b§§..#
........ #.?.§♣b..#
........ +..bK§§§.#
........ #...K@(b.#
........ #...b....#
........ #...b....#
.)...... #........#
........ #####....+
....#### #.#### ....#


You could see Sigmund (ally target), a friendly +0 club and 2 friendly kobolds.

Vanquished Creatures
  3 dart slugs (D:1)
  2 ball pythons (D:1)
  3 endoplasms
  A giant cockroach (D:1)
  3 hobgoblins
  2 jackals (D:1)
  A kobold (D:1)
  2 quokkas
  2 frilled lizards (D:1)
  2 goblins
  4 rats
25 creatures vanquished.

Notes
Turn   | Place    | Note
-------+----------+-------------------------------------------
     0 | D:1      | ezpacito the Coglin Chaos Knight began the quest for the
                  | Orb.
     0 | D:1      | Reached XP level 1. HP: 18/18 MP: 1/1
    75 | D:1      | XOM: silly message
   132 | D:1      | Reached skill level 1 in Dodging
   138 | D:1      | Reached XP level 2. HP: 24/24 MP: 2/2
   306 | D:1      | Reached skill level 1 in Polearms
   418 | D:1      | XOM: god gift: 2 javelins
   441 | D:1      | XOM: god gift: 768 gold pieces
   540 | D:1      | XOM: give mutations
   540 | D:1      | Gained mutation: Your muscles are strong. (Str +4, Int/Dex
                  | -1) [Xom's mischief]
   540 | D:1      | Gained mutation: You have a pair of small antennae on your
                  | head. [Xom's mischief]
   540 | D:1      | Gained mutation: You are agile. (Dex +4, Str/Int -1) [Xom's
                  | mischief]
   540 | D:1      | Gained mutation: Your body sometimes deteriorates upon
                  | taking damage. [Xom's mischief]
   748 | D:1      | Reached XP level 3. HP: 29/29 MP: 3/3
   778 | D:1      | XOM: god gift: scroll labelled NIRECSIAWY {god gift}
   873 | D:2      | XOM: 2-stop teleportation journey
   957 | D:2      | Found Vidghuxoc's Magic Scroll Shop.
   964 | D:2      | Bought a scroll of fog for 52 gold pieces
   964 | D:2      | Bought a scroll of blinking for 97 gold pieces
   964 | D:2      | Bought a scroll of identify for 26 gold pieces
   964 | D:2      | Bought a scroll of summoning for 123 gold pieces
   964 | D:2      | Bought a scroll of vulnerability for 52 gold pieces
   964 | D:2      | Bought a scroll of immolation for 52 gold pieces
   964 | D:2      | Bought a scroll of amnesia for 52 gold pieces
   964 | D:2      | Bought a scroll of vulnerability for 52 gold pieces
   998 | D:2      | Noticed Sigmund
  1005 | D:2      | Lost mutation: Your body sometimes deteriorates upon taking
                  | damage. [potion of mutation]
  1005 | D:2      | Lost mutation: You have a pair of small antennae on your
                  | head. [potion of mutation]
  1005 | D:2      | Gained mutation: You occasionally lose the ability to drink
                  | potions when taking damage. [potion of mutation]
  1005 | D:2      | Gained mutation: Your movements are slightly less
                  | encumbered by armour. (ER -2) [potion of mutation]
  1005 | D:2      | Gained mutation: You have supernaturally acute eyesight.
                  | (SInv) [potion of mutation]
  1035 | D:2      | XOM: smoke on damage
  1039 | D:2      | Succumbed to Sigmund's poison

Illustrated notes

Levels and vault maps discovered:
D:1:      minmay_arrival_stone_box, layout_basic
D:2:      layout_basic, serial_shops, shop, nrook_mini_backslash,
          uniq_crazy_yiuf_cottage, uniq_sigmund

Skill      XL: |  1  2  3 |
---------------+----------+-----
Dodging        | 1 |  1.3
Polearms       | 1 |  1.1
Armour         | 2 |  2.0
Fighting       | |  3.1
Axes           | |  3.1
Stealth        | |  0.7
Spellcasting   | |  0.3

Action                     || total
---------------------------++-------
  Melee: Hand axe          ||    37
         Dagger            ||    25
    Use: Scroll            ||     8
         Potion            ||     3
 Armour: Leather armour    ||    18
         Skin              ||     3
  Dodge: Dodged            ||    18

Table legend: (Time is in decaauts)
 A = Elapsed time spent in this place.
 B = Non-inter-level travel time spent in this place.
 C = Inter-level travel time spent in this place.
 D = Time resting spent in this place.
 E = Time spent auto-exploring this place.
 F = Levels seen in this place.
 G = Mean time per level.
                   A        B        C        D        E       F      G
               +--------+--------+--------+--------+--------+-----+--------+
         Total |   1041 |    988 |     53 |      0 |    804 |   2 |  520.5 |
       Dungeon |   1041 |    988 |     53 |      0 |    804 |   2 |  520.5 |
               +--------+--------+--------+--------+--------+-----+--------+

Top non-repeatable levels by time:
     D:1: 869 daAuts
     D:2: 172 daAuts
